 Dungeon Sprint DCSS version 0.23-a0-32-g1388f29 (webtiles) character file.

1416 Kidiri the Thaumaturge (level 8, -8/52 HPs)
             Began as a Deep Elf Fire Elementalist on Aug 5, 2018.
             Was a Priest of Vehumet.
             Mangled by a two-headed ogre
             ... wielding a +0 giant spiked club
              (16 damage)
             ... in the Dungeon (Sprint III: "The Ten Rune Challenge").
             The game lasted 00:04:53 (893 turns).

Kidiri the Thaumaturge (Deep Elf Fire Elementalist)  Turns: 893, Time: 00:04:55

Health: -8/52      AC:  4    Str:  5    XL:     8   Next: 43%
Magic:  24/28      EV: 16    Int: 23    God:    Vehumet [***...]
Gold:   27         SH:  0    Dex: 15    Spells: 17/35 levels left

rFire    . . .     SeeInvis .   j - +0 dagger
rCold    . . .     Gourm    .   (no shield)
rNeg     . . .     Faith    .   a - +0 robe
rPois    +         Spirit   .   (no helmet)
rElec    .         Reflect  .   (no cloak)
rCorr    .         Harm     .   n - +1 pair of gloves
MR       .....     NoTele   +   (no boots)
Stlth    ++........             (no amulet)
HPRegen  0.57/turn              (no ring)
MPRegen  0.21/turn              (no ring)

@: no status effects
A: poison resistance, regeneration 1, robust 1
a: Renounce Religion


You were in the Dungeon.
You worshipped Vehumet.
Vehumet was most pleased with you.
You were not hungry.

You visited 1 branch You collected 27 gold pieces.

Inventory:

Hand Weapons
 j - a +0 dagger (weapon)
Armour
 a - a +0 robe (worn)
 n - a +1 pair of gloves (worn)
Wands
 p - a wand of polymorph (11)
Scrolls
 h - 3 scrolls of torment
 i - a scroll of blinking
 k - a scroll of identify
 l - 3 scrolls of remove curse
Potions
 b - 3 potions of mutation
 d - 3 potions of curing
 e - a potion of heal wounds
 f - a potion of haste
 g - a potion of magic
 m - 2 potions of flight
Comestibles
 c - 5 rations
 o - 5 chunks of flesh


   Skills:
 + Level 4.4 Fighting
 + Level 5.2 Short Blades
 + Level 4.3 Armour
 + Level 6.8 Dodging
 - Level 2.4 Stealth
 * Level 14.0 Spellcasting
 + Level 8.4 Conjurations
 + Level 9.1 Fire Magic


You had 17 spell levels left.
You knew the following spells:

 Your Spells              Type           Power        Failure   Level  Hunger
a - Flame Tongue          Conj/Fire      #####        1%          1    None
b - Throw Flame           Conj/Fire      ######       1%          2    None
c - Conjure Flame         Conj/Fire      ######..     1%          3    None
d - Inner Flame           Hex/Fire       #####...     1%          3    None
e - Sticky Flame          Conj/Fire      ######..     1%          4    None
f - Fireball              Conj/Fire      ######....   1%          5    ###....

Your spell library contained the following spells:

 Spells                   Type           Power        Failure   Level  Hunger
 Confuse                  Hex            ###.....     11%         3    None
 Confusing Touch          Hex            ###...       3%          1    None
 Metabolic Englaciation   Hex/Ice        ###.......   71%         5    ###....
 Petrify                  Tmut/Erth      ###.....     36%         4    None
 Gell's Gravitas          Tloc           ###.......   11%         3    None
 Yara's Violent Unravell  Hex/Tmut       ###.......   26%         5    ###....


Dungeon Overview and Level Annotations

Branches:
Dungeon (1/1)

Altars:
Cheibriados
Dithmenos
Elyvilon
Fedhas
Gozag
Hepliaklqana
Kikubaaqudgha
Makhleb
Nemelex Xobeh
Okawaru
Qazlal
Ru
Sif Muna
Trog
Uskayaw
Vehumet
Wu Jian
Xom
Yredelemnul
Zin
The Shining One
Beogh
Jiyva
Lugonu

Annotations:
D exclusion: door


Innate Abilities, Weirdness & Mutations

Your system is resistant to poisons. (rPois)
Your natural rate of healing is unusually fast.
You are robust. (+10% HP)


Message History

There isn't anything to butcher here.
You start waiting.
Unknown command.
A two-headed ogre comes into view. It is wielding two giant spiked clubs.
The two-headed ogre shouts in stereo!
The two-headed ogre hits you with a giant spiked club!!
The two-headed ogre closely misses you.
Casting: Flame Tongue (safe; 1% risk of failure)
Confirm with . or Enter, or press ? or * to list all spells.
Aiming: Sticky Flame (safe; 1% risk of failure)
Press: ? - help, Shift-Dir - straight line, f - two-headed ogre
Aim: a two-headed ogre, wielding two giant spiked clubs The sticky flame hits the two-headed ogre.
The two-headed ogre is lightly wounded.
The two-headed ogre is covered in liquid flames!
The two-headed ogre burns!
The two-headed ogre hits you with a giant spiked club!!
* * * LOW HITPOINT WARNING * * *
The two-headed ogre hits you with a giant spiked club!
You die...

#+###+## ..).†.)#
.......# ######'#
#__#...#+###########
#__#...#..).#.#.#..
#__#...##.#))#.##.#
#__#...'##.#.#.##O#
#__+...#...#..#.@##
▓▓▓▓▓▓▓▓▓▓▓▓▓▓▓▓▓▓


You could see a two-headed ogre (burning).

Vanquished Creatures
  A deep elf mage (D)
  A shadow (D)
  A spatial vortex (D)
  A necrophage (D)
  3 two-headed ogres (D)
  A water elemental (D)
  A scorpion (D)
  A wizard (D)
  A jelly (D)
  A necromancer (D)
  3 humans (D)
  A kobold demonologist (D)
  An ooze (D)
  3 rats (D)
20 creatures vanquished.

Vanquished Creatures (others)
  2 draconian scorchers (D)
  6 hellions (D)
  2 yaktaurs (D)
  3 plants (D)
13 creatures vanquished.

Grand Total: 33 creatures vanquished

Notes
Turn   | Place    | Note
-------+----------+-------------------------------------------
     0 | D        | Kidiri the Deep Elf Fire Elementalist began the quest for the Orb.
     0 | D        | Reached XP level 1. HP: 10/10 MP: 6/6
    13 | D        | Reached skill level 4 in Spellcasting
   103 | D        | Killed a hellion
   104 | D        | Killed a hellion
   104 | D        | Killed a hellion
   121 | D        | Reached skill level 6 in Spellcasting
   121 | D        | Reached XP level 2. HP: 6/15 MP: 7/11
   139 | D        | Learned a level 2 spell: Throw Flame
   150 | D        | Killed a hellion
   152 | D        | Killed a hellion
   153 | D        | Killed a hellion
   154 | D        | Killed a yaktaur
   183 | D        | Killed a white draconian scorcher
   207 | D        | Killed a white draconian scorcher
   306 | D        | Noticed a scorpion
   309 | D        | Killed a scorpion
   309 | D        | Reached skill level 7 in Spellcasting
   309 | D        | Reached skill level 5 in Fire Magic
   309 | D        | Reached XP level 3. HP: 19/19 MP: 9/14
   309 | D        | Reached XP level 4. HP: 24/24 MP: 9/15
   314 | D        | Learned a level 3 spell: Conjure Flame
   318 | D        | Learned a level 3 spell: Inner Flame
   323 | D        | Learned a level 4 spell: Sticky Flame
   346 | D        | Gained mutation: Your system is resistant to poisons. (rPois) [potion of mutation]
   346 | D        | Gained mutation: Your natural rate of healing is unusually fast. [potion of mutation]
   346 | D        | Gained mutation: You are robust. (+10% HP) [potion of mutation]
   356 | D        | Noticed a water elemental
   359 | D        | Killed a water elemental
   359 | D        | Reached skill level 9 in Spellcasting
   359 | D        | Reached skill level 5 in Conjurations
   398 | D        | Found a radiant altar of Vehumet.
   398 | D        | Noticed a wizard
   400 | D        | Killed a wizard
   400 | D        | Reached skill level 10 in Spellcasting
   400 | D        | Reached XP level 5. HP: 30/30 MP: 13/19
   403 | D        | Found a deep blue altar of Sif Muna.
   403 | D        | Found an ancient bone altar of Kikubaaqudgha.
   410 | D        | Became a worshipper of Vehumet
   417 | D        | Learned a level 5 spell: Fireball
   469 | D        | Found a glowing silver altar of Zin.
   469 | D        | Found a glowing golden altar of the Shining One.
   469 | D        | Found a white marble altar of Elyvilon.
   470 | D        | Noticed a deep elf mage
   478 | D        | Noticed an orange demon
   478 | D        | Killed a deep elf mage
   478 | D        | Reached skill level 12 in Spellcasting
   478 | D        | Reached XP level 6. HP: 28/40 MP: 10/23
   478 | D        | Reached XP level 7. HP: 31/45 MP: 10/24
   553 | D        | Found a hide-covered altar of Uskayaw.
   553 | D        | Found a roughly hewn altar of Beogh.
   553 | D        | Found an iron altar of Okawaru.
   553 | D        | Found a bloodstained altar of Trog.
   553 | D        | Found an ornate altar of the Wu Jian Council.
   553 | D        | Noticed a human
   553 | D        | Noticed a human
   562 | D        | Killed a human
   562 | D        | Reached skill level 5 in Dodging
   566 | D        | Killed a human
   566 | D        | Reached * piety under Vehumet
   566 | D        | Offered knowledge of Shock by Vehumet.
   566 | D        | Reached skill level 13 in Spellcasting
   591 | D        | Found a basalt altar of Yredelemnul.
   591 | D        | Found a shadowy altar of Dithmenos.
   591 | D        | Found a sacrificial altar of Ru.
   642 | D        | Killed a yaktaur
   716 | D        | Noticed a shadow
   718 | D        | Killed a shadow
   718 | D        | Reached ** piety under Vehumet
   718 | D        | Reached XP level 8. HP: 52/52 MP: 18/27
   754 | D        | Found a blossoming altar of Fedhas.
   754 | D        | Found a stormy altar of Qazlal.
   754 | D        | Found a snail-covered altar of Cheibriados.
   754 | D        | Found a burning altar of Makhleb.
   754 | D        | Found a shimmering altar of Xom.
   755 | D        | Found a hazy altar of Hepliaklqana.
   755 | D        | Found an opulent altar of Gozag.
   755 | D        | Found a sparkling altar of Nemelex Xobeh.
   755 | D        | Found a corrupted altar of Lugonu.
   755 | D        | Found a viscous altar of Jiyva.
   762 | D        | Offered knowledge of Searing Ray by Vehumet.
   780 | D        | Reached skill level 5 in Short Blades
   780 | D        | Reached *** piety under Vehumet
   780 | D        | Reached skill level 14 in Spellcasting
   890 | D        | Noticed a two-headed ogre
   893 | D        | Mangled by a two-headed ogre

Vault maps used:
D:        dungeon_sprint_mu

Skill      XL: |  1  2  3  4  5  6  7  8 |
---------------+-------------------------+-----
Spellcasting   | 6 7 10 12 13 14 | 14.0
Conjurations   | 3 4 5 7 8 |  8.4
Fire Magic     | 4 5 6 7 8 9 |  9.1
Fighting       | 3 4 |  4.4
Short Blades   | 3 4 5 |  5.2
Armour         | 2 3 4 |  4.3
Dodging        | 4 6 |  6.8
Stealth        | |  2.4

Action                   |  1- 3 |  4- 6 |  7- 9 || total
-------------------------+-------+-------+-------++-------
Melee: Dagger            |     9 |     1 |     1 ||    11
 Cast: Flame Tongue      |     9 |     3 |    26 ||    38
       Sticky Flame      |       |     2 |     4 ||     6
       Conjure Flame     |       |     1 |     3 ||     4
       Fireball          |       |     4 |     1 ||     5
       Inner Flame       |       |       |     3 ||     3
  Use: Potion            |     1 |     2 |       ||     3
       Scroll            |       |     2 |       ||     2
 Stab: Sleeping          |       |       |     1 ||     1
  Eat: Chunk             |       |       |     1 ||     1
Dodge: Dodged            |     7 |       |     6 ||    13

Table legend:
 A = Spawn XP
 B = Non-spawn XP
 C = Spawn XP percentage of total XP
 D = Spawn monster count
 E = Non-spawn monster count
 F = Spawn count percentage of total count
 G = Total turns spent on level
                    A         B        C        D         E        F      G
               +---------+---------+-------+---------+---------+-------+---------
         Total |       0 |    2023 |   0.0 |       0 |      20 |   0.0 |   893
               +---------+---------+-------+---------+---------+-------+---------
             D |       0 |    2023 |   0.0 |       0 |      20 |   0.0 |   893
               +---------+---------+-------+---------+---------+-------+---------
